 Dungeon Crawl Stone Soup version 0.28-a0-8-g6e044cfa68 (webtiles) character file.

Game seed: 15555992726393610420

25750 Zeld the Severer (level 12, -3/112 HPs)
             Began as a Minotaur Berserker on July 23, 2021.
             Was an Elder of Trog.
             Slain by a 12-headed hydra (13 damage)
             ... on level 13 of the Dungeon.
             The game lasted 00:24:31 (13865 turns).

Zeld the Severer (Minotaur Berserker)              Turns: 13865, Time: 00:24:32

Health: -3/112     AC: 10    Str: 28    XL:     12   Next: 92%
Magic:  0/11       EV: 14    Int: 10    God:    Trog [****..]
Gold:   760        SH:  9    Dex:  9    Spells: 11/11 levels left

rFire   + . .      SeeInvis +   d - +14 obsidian axe {vorpal, Drain Fly SInv}
rCold   . . .      Faith    .   u - +7 buckler of the Snake Pit {*Corrode Int+6 Stlth+}
rNeg    . . .      Spirit   +   g - +2 leather armour {rPois}
rPois   +          Reflect  .   (helmet restricted)
rElec   +          Harm     .   (no cloak)
rCorr   .          Rampage  +   w - +1 pair of gloves of Grace {Rampage rElec rF+}
Will    .....                   s - +0 pair of boots
Stlth   ++........              a - amulet of guardian spirit
HPRegen 0.28/turn               (no ring)
MPRegen 0.12/turn               (no ring)

@: flying, mesmerised
A: horns 2, retaliatory headbutt
a: Renounce Religion, Berserk, Trog's Hand, Brothers in Arms


You were on level 13 of the Dungeon.
You worshipped Trog.
Trog was greatly pleased with you.
You visited 2 branches of the dungeon, and saw 14 of its levels.
You visited the Abyss 1 time.

You collected 760 gold pieces.

Inventory:

Hand Weapons
 d - the +14 obsidian axe (weapon) {vorpal, Drain Fly SInv}
   (You acquired it on level 8 of the Dungeon)

   It inflicts extra damage upon your enemies.
   It occasionally summons demons to assist the wielder when it strikes in
   combat.
   Its wielder is mesmerised by any visible foes.
   It cannot be unequipped while any foes are visible.
   SInv:      It lets you see invisible.
   Fly:       It grants you flight.
   Drain:     It drains your maximum health when unequipped.
Armour
 g - a +2 leather armour of poison resistance (worn)
 s - a +0 pair of boots (worn)
 u - the +7 buckler of the Snake Pit (worn) {*Corrode Int+6 Stlth+}
   (You found it on level 6 of the Dungeon)

   Int:       It affects your intelligence (+6).
   *Corrode:  It may corrode you when you take damage.
   Stlth:     It makes you more stealthy.
 v - a +0 plate armour
 w - the +1 pair of gloves of Grace (worn) {Rampage rElec rF+}
   (You found it on level 7 of the Dungeon)

   rF:        It protects you from fire.
   rElec:     It insulates you from electricity.
   Rampage:   It bestows one free step when moving towards enemies.
Jewellery
 a - an amulet of guardian spirit (around neck)
 E - a ring of protection from cold
Wands
 b - a wand of acid (22)
 p - a wand of iceblast (22)
 q - a wand of polymorph (20)
 r - a wand of flame (27)
 y - a wand of paralysis (9)
Scrolls
 e - 2 scrolls of magic mapping
 m - 2 scrolls of brand weapon
 n - 4 scrolls of enchant armour
 x - a scroll of enchant weapon
 B - a scroll of blinking
Potions
 i - a potion of flight
 j - a potion of magic {unknown}
 k - a potion of brilliance {unknown}
 l - a potion of ambrosia {unknown}
 o - 3 potions of curing {unknown}
 t - a potion of invisibility {unknown}
 z - 2 potions of attraction {unknown}
 A - 2 potions of haste {unknown}
 D - 3 potions of resistance {unknown}
 F - a potion of mutation {unknown}
Miscellaneous
 c - a piece from Xom's chessboard (15/15)


   Skills:
 + Level 12.1 Fighting
 * Level 16.0 Axes
 + Level 11.9 Armour
 + Level 11.0 Dodging


You had 11 spell levels left.
You didn't know any spells.
Your spell library was empty.

Dungeon Overview and Level Annotations

Branches:
Dungeon (12/15)            Temple (1/1) D:5            Lair (0/6) D:10
    Orc (0/2) D:10

Altars:
Ashenzari
Cheibriados
Dithmenos
Elyvilon
Fedhas
Gozag
Hepliaklqana
Kikubaaqudgha
Makhleb
Nemelex Xobeh
Okawaru
Qazlal
Ru
Sif Muna
Trog
Uskayaw
Vehumet
Wu Jian
Xom
Yredelemnul
Zin
The Shining One

Shops:
D:2 (

Annotations:
D:11 3 runed translucent doors, Usuem's ghost, journeyman DECj


Innate Abilities, Weirdness & Mutations

You have a pair of horns on your head.
You reflexively headbutt those who attack you in melee.


Message History

The nine-headed hydra grows two more!
You slice the 11-headed hydra!!
The 11-headed hydra is almost dead.
The 11-headed hydra bites you but does no damage.
The 11-headed hydra barely misses you. The 11-headed hydra bites you! x2
You block the 11-headed hydra's attack. The 11-headed hydra bites you!
The 11-headed hydra bites you but does no damage.
The 11-headed hydra bites you.
* * * LOW HITPOINT WARNING * * *
The 11-headed hydra bites you but does no damage.
You block the 11-headed hydra's attack. The 11-headed hydra bites you.
* * * LOW HITPOINT WARNING * * *
Unknown command.
Blink to where?
Press: ? - help, Dir - move target You cannot blink away from the 11-headed hydra!
Blink to where?
Press: ? - help, Dir - move target, f - you
Okay, then.
You feel much better. The 11-headed hydra bites you. x2
The 11-headed hydra bites you!
* * * LOW HITPOINT WARNING * * *
The 11-headed hydra bites you but does no damage.
The 11-headed hydra bites you!
* * * LOW HITPOINT WARNING * * *
You block the 11-headed hydra's attack. The 11-headed hydra bites you!
* * * LOW HITPOINT WARNING * * *
The 11-headed hydra bites you but does no damage.
The 11-headed hydra bites you.
* * * LOW HITPOINT WARNING * * *
You block the 11-headed hydra's attack.
The 11-headed hydra bites you but does no damage.
Unknown command.
You slice one of the 11-headed hydra's heads off!
The ten-headed hydra grows two more!
You slash the 12-headed hydra!
The 12-headed hydra is almost dead.
The 12-headed hydra bites you but does no damage.
The 12-headed hydra bites you.
* * * LOW HITPOINT WARNING * * *
You block the 12-headed hydra's attack. The 12-headed hydra bites you!
You die...

### ##.##
##...#
#....#####
#.....@D.#
#...###..u....
##### #######


You could see a 12-headed hydra (mesmerising, drained) and a white ugly thing.

Vanquished Creatures
  A tentacled starspawn (Abyss:2)
  Harold (D:7)
  Erolcha (D:10)
  A boulder beetle (D:12)
  2 two-headed ogres
  2 skeletal warriors (D:11)
  Pikel (D:6)
  An ugly thing (D:12)
  A manticore (D:13)
  3 cyclopes
  A fire giant skeleton (Abyss:2)
  An apocalypse crab (Abyss:2)
  7 slime creatures
  A troll (D:10)
  A hornet (D:9)
  4 raiju (Abyss:2)
  2 shadows
  8 yaks
  3 wraiths (D:11)
  A vampire (Abyss:2)
  2 wyverns
  2 steam dragons
  3 vampire mosquitoes
  Grum (D:11)
  Menkaure (D:7)
  A small abomination (Abyss:2)
  3 acid dragons
  Duvessa (D:7)
  2 orc warriors
  2 sky beasts
  A black bear (D:5)
  2 necrophages (D:10)
  An ogre (D:5)
  3 wolves (D:11)
  8 centaurs
  4 lemures (D:6)
  A kobold brigand (D:6)
  3 bullfrogs (D:7)
  A gnoll sergeant (D:10)
  2 scorpions
  2 water moccasin zombies (D:5)
  Dowan (D:7)
  7 killer bees
  4 wights (D:8)
  A howler monkey (D:9)
  A crimson imp (D:5)
  8 centaur zombies
  A bullfrog zombie (D:6)
  3 hounds
  A quasit (Abyss:2)
  7 orc priests
  A gnoll shaman (D:7)
  A centaur skeleton (D:4)
  2 iguanas
  15 orc wizards
  A howler monkey skeleton (D:7)
  8 gnolls
  12 adders
  A shadow imp (D:7)
  A white imp (D:5)
  2 ufetubi
  A worm (D:2)
  2 dart slugs
  24 orcs
  10 ball pythons
  4 bats
  8 endoplasms
  3 giant cockroaches
  6 goblins
  4 hobgoblins
  5 jackals
  4 quokkas
  2 frilled lizards
  8 kobolds
  6 rats
  A starspawn tentacle (Abyss:2)
255 creatures vanquished.

Vanquished Creatures (collateral kills)
  Gastronok (D:11)
  Frances (D:12)
  Josephine (D:11)
  Erica (D:11)
  Sonja (D:12)
  A sixfirhy (Abyss:2)
  A skeletal warrior (D:11)
  A manticore (D:12)
  2 centaur zombies
  A slime creature (D:12)
  A meliai zombie (D:10)
  A wraith (D:11)
  2 yaks (D:11)
  2 vampire mosquitoes
  An orc warrior (D:9)
  A wolf (D:11)
  A killer bee (D:8)
  An orc priest (D:8)
  An orc (D:8)
22 creatures vanquished.

Vanquished Creatures (others)
  An ice beast (D:8)
  A fungus (D:5)
  4 starspawn tentacles (Abyss:2)
  2 withered plants (D:3)
8 creatures vanquished.

Grand Total: 285 creatures vanquished

Notes
Turn   | Place    | Note
-------+----------+-------------------------------------------
     0 | D:1      | Zeld the Minotaur Berserker began the quest for the Orb.
     0 | D:1      | Reached XP level 1. HP: 19/19 MP: 0/0
   189 | D:1      | Reached XP level 2. HP: 27/27 MP: 1/1
   281 | D:1      | Reached skill level 4 in Axes
   623 | D:1      | Found a faded altar of an unknown god.
   918 | D:2      | Reached ** piety under Trog
   919 | D:2      | Reached XP level 3. HP: 26/33 MP: 2/2
   977 | D:2      | Found Pioliy's Antique Weapon Boutique.
  1204 | D:2      | Reached XP level 4. HP: 21/40 MP: 3/3
  1911 | D:3      | Noticed a steam dragon
  1921 | D:3      | Killed a steam dragon
  1922 | D:3      | Reached skill level 5 in Axes
  1922 | D:3      | Reached XP level 5. HP: 47/47 MP: 4/4
  2222 | D:3      | Found a basalt altar of Yredelemnul.
  2237 | D:3      | Found a burning altar of Makhleb.
  2371 | D:3      | Reached XP level 6. HP: 52/55 MP: 5/5
  2423 | D:3      | Found an ornate altar of the Wu Jian Council.
  2830 | D:4      | Reached skill level 5 in Fighting
  2838 | D:4      | Reached *** piety under Trog
  2839 | D:4      | Reached skill level 6 in Axes
  3587 | D:4      | Reached XP level 7. HP: 41/61 MP: 6/6
  4075 | D:5      | Entered Level 5 of the Dungeon
  4181 | D:5      | Reached skill level 7 in Axes
  4357 | D:5      | Reached skill level 5 in Armour
  4763 | D:5      | Found a blossoming altar of Fedhas.
  4777 | D:5      | Found a stormy altar of Qazlal.
  4830 | D:5      | Noticed a two-headed ogre
  4840 | D:5      | Killed a two-headed ogre
  4841 | D:5      | Reached skill level 9 in Axes
  4841 | D:5      | Reached skill level 5 in Dodging
  4841 | D:5      | Reached XP level 8. HP: 56/71 MP: 7/7
  5267 | D:5      | Found a staircase to the Ecumenical Temple.
  5344 | Temple   | Entered the Ecumenical Temple
  5562 | D:5      | Reached XP level 9. HP: 58/79 MP: 8/8
  5700 | D:5      | Reached **** piety under Trog
  6176 | D:6      | Identified the +7 buckler of the Snake Pit {*Corrode Int+6
                  | Stlth+}
  6226 | D:6      | Found a white marble altar of Elyvilon.
  6401 | D:6      | Found an iron altar of Okawaru.
  6530 | D:7      | Noticed Pikel
  6661 | D:6      | Killed Pikel
  6662 | D:6      | Reached skill level 10 in Axes
  6963 | D:7      | Noticed Duvessa
  6963 | D:7      | Noticed Dowan
  6975 | D:7      | Killed Duvessa
  6978 | D:7      | Killed Dowan
  7100 | D:7      | Noticed Harold
  7121 | D:7      | Killed Harold
  7122 | D:7      | Reached skill level 11 in Axes
  7422 | D:7      | Reached XP level 10. HP: 78/90 MP: 9/9
  7483 | D:7      | Identified the +1 pair of gloves of Grace {Rampage rElec
                  | rF+}
  7523 | D:7      | Noticed Menkaure
  7527 | D:7      | Killed Menkaure
  8453 | D:8      | Identified a scroll of acquirement
  8456 | D:8      | Acquired the +14 obsidian axe {vorpal, Drain Fly SInv}
  8457 | D:8      | Found the +14 obsidian axe {vorpal, Drain Fly SInv}
  8727 | D:8      | Reached skill level 12 in Axes
  8964 | D:8      | Found a glowing silver altar of Zin.
  9258 | D:8      | Found an ancient bone altar of Kikubaaqudgha.
  9517 | D:9      | Noticed a cyclops
  9525 | D:9      | Killed a cyclops
  9639 | D:9      | Noticed a two-headed ogre
  9644 | D:9      | Killed a two-headed ogre
  9834 | D:9      | Reached XP level 11. HP: 86/99 MP: 8/10
  9922 | D:9      | Reached skill level 13 in Axes
  9963 | D:9      | Found a snail-covered altar of Cheibriados.
 10123 | D:9      | Reached ***** piety under Trog
 10124 | D:9      | Reached skill level 10 in Fighting
 10247 | D:10     | Entered Level 10 of the Dungeon
 10247 | D:10     | Found a staircase to the Lair.
 10431 | D:10     | Found a glowing golden altar of the Shining One.
 10431 | D:10     | Found an opulent altar of Gozag.
 10835 | D:10     | Found a staircase to the Orcish Mines.
 10844 | D:10     | Identified the +2 chain mail "Yvyelloz" {-Cast Fly rF-
                  | Dex+9}
 11216 | D:10     | Noticed Erolcha
 11221 | D:10     | Cast into level 2 of the Abyss (Erolcha)
 11245 | Abyss:2  | Reached skill level 10 in Armour
 11340 | Abyss:2  | Noticed a tentacled starspawn
 11346 | Abyss:2  | Noticed a sixfirhy
 11347 | Abyss:2  | HP: 4/101 [tentacled starspawn (29)]
 11348 | Abyss:2  | Killed a tentacled starspawn
 11349 | Abyss:2  | Reached skill level 14 in Axes
 11353 | Abyss:2  | Killed a sixfirhy
 11370 | Abyss:2  | Noticed a glowing orange brain
 11374 | Abyss:2  | Noticed a tentacled starspawn
 11380 | D:10     | Escaped the Abyss
 11401 | D:10     | Killed Erolcha
 11701 | D:11     | Reached XP level 12. HP: 104/110 MP: 11/11
 11703 | D:11     | Reached skill level 10 in Dodging
 11749 | D:11     | Identified the +7 triple sword "Laops" {flame, Str+7} (Trog
                  | gifted it to you on level 11 of the Dungeon)
 11749 | D:11     | Received a gift from Trog
 11797 | D:11     | Noticed Gastronok
 11799 | D:11     | Noticed Grum
 11805 | D:11     | Killed Gastronok
 11807 | D:11     | Killed Grum
 11808 | D:11     | Reached skill level 15 in Axes
 11811 | D:11     | Noticed Josephine
 11817 | D:11     | Killed Josephine
 11834 | D:11     | Noticed Erica
 11838 | D:11     | Killed Erica
 12210 | D:11     | Found a runed translucent gate.
 12210 | D:11     | Found a runed translucent gate.
 12211 | D:11     | Found a runed translucent gate.
 12211 | D:11     | Noticed a ten-headed hydra
 12211 | D:11     | Noticed Usuem's ghost (journeyman DECj)
 12211 | D:11     | Noticed a 12-headed hydra
 12803 | D:12     | Noticed a boulder beetle
 12810 | D:12     | Killed a boulder beetle
 13267 | D:12     | Noticed Sonja
 13290 | D:12     | Killed Sonja
 13299 | D:12     | Noticed Frances
 13313 | D:12     | HP: 4/112 [Frances/iron shot (24)]
 13568 | D:12     | Killed Frances
 13569 | D:12     | Reached skill level 16 in Axes
 13783 | D:12     | You are sucked into a shaft and drop 1 floor!
 13800 | D:13     | Noticed an eight-headed hydra
 13865 | D:13     | Slain by a 12-headed hydra

Illustrated notes

Levels and vault maps discovered:
D:1:      evilmike_arrival_crescent, layout_loops_ring,
          shapermc_ecumenical_altar_totnotflames, minmay_indecisive_spiral
D:2:      layout_rooms, serial_shops, nicolae_shop_crystal
D:3:      layout_loops_corners, yredelemnul_altar_generic, bloody_makhleb,
          nicolae_wu_jian_immortal_techniques
D:4:      layout_basic, minmay_cut_off
D:5:      kennysheep_big_flooded_room, layout_loops_ring,
          grunt_temple_overflow_forces_of_nature,
          minmay_temple_entry_drinking_statues, minmay_curled_crystal,
          nrook_mini_backslash, nrook_pool_corridor, minmay_fire_ice_demons
D:6:      layout_rooms, nicolae_elyvilon_peaceful_grove,
          kennysheep_okawaru_gauntlet
D:7:      layout_gridville, uniq_pikel, uniq_menkaure, uniq_duvessa, uniq_harold
D:8:      layout_layer_cave, zin_academy, mainiacjoe_overflow_cross_hatched
D:9:      layout_rooms, mainiacjoe_overflow_catwalk, minmay_joined_circles
D:10:     layout_basic, mainiacjoe_overflow_large_starburst, lair_entry_dummy,
          serial_undead, serial_undead_a, serial_undead_c, serial_undead_d,
          serial_undead_d, uniq_erolcha
D:11:     layout_loops_ring, gammafunk_ghost_hydra_chop, uniq_grum,
          uniq_gastronok, uniq_josephine, uniq_erica
D:12:     layout_loops_ring, uniq_frances, uniq_sonja
D:13:     layout_cave_pods, lightli_vaults_fourway_checkpoint, serial_shops,
          shop_fountains
Temple:   zaba_magenta_temple

Skill      XL: |  1  2  3  4  5  6  7  8  9 10 11 12 |
---------------+-------------------------------------+-----
Axes           | 4 5 6 9 11 12 14 16 | 16.0
Fighting       | 4 5 6 7 8 9 11 12 | 12.1
Armour         | 3 4 6 8 9 10 11 | 11.9
Dodging        | 3 4 5 6 7 8 9 11 | 11.0

Action                   |  1- 3 |  4- 6 |  7- 9 | 10-12 || total
-------------------------+-------+-------+-------+-------++-------
Melee: Hand axe          |    68 |   109 |       |       ||   177
       Headbutt          |    10 |    29 |    48 |    53 ||   140
       War axe           |       |    38 |   183 |    37 ||   258
       Broad axe         |       |       |       |   253 ||   253
Invok: Berserk           |       |     1 |     4 |     5 ||    10
       Trog's Hand       |       |     1 |     3 |     3 ||     7
       Brothers in Arms  |       |       |       |     5 ||     5
  Use: Scroll            |       |     5 |     3 |    12 ||    20
       Potion            |       |       |       |     3 ||     3
 Stab: Sleeping          |       |       |       |     4 ||     4
Armor: Animal skin       |    17 |       |       |       ||    17
       Leather armour    |       |    39 |    46 |    88 ||   173
Dodge: Dodged            |    54 |    91 |   128 |   149 ||   422
Block: Buckler           |       |       |    57 |   141 ||   198

Table legend: (Time is in decaauts)
 A = Elapsed time spent in this place.
 B = Non-inter-level travel time spent in this place.
 C = Inter-level travel time spent in this place.
 D = Time resting spent in this place.
 E = Time spent auto-exploring this place.
 F = Levels seen in this place.
 G = Mean time per level.
                   A        B        C        D        E       F      G
               +--------+--------+--------+--------+--------+-----+--------+
         Total |  14014 |  13624 |    390 |   2193 |   9636 |  15 |  934.3 |
       Dungeon |  13781 |  13409 |    372 |   2176 |   9507 |  13 | 1060.1 |
        Temple |     73 |     55 |     18 |      0 |     54 |   1 |   73.0 |
         Abyss |    158 |    158 |      0 |     17 |     75 |   1 |  158.0 |
               +--------+--------+--------+--------+--------+-----+--------+

Top non-repeatable levels by time:
     D:5: 1728 daAuts
    D:10: 1584 daAuts
     D:7: 1473 daAuts
     D:4: 1321 daAuts
     D:8: 1197 daAuts
    D:11: 1046 daAuts
     D:6: 1031 daAuts
     D:3: 1006 daAuts
     D:1: 918 daAuts
     D:2: 857 daAuts
    D:12: 795 daAuts
     D:9: 740 daAuts
 Abyss:2: 158 daAuts
    D:13: 81 daAuts
  Temple: 73 daAuts
